MID
LAKE COUNTY CAPTAINS @ GREENVILLE DRIVE
07/25/2048
 
TOP OF THE 1ST
Lake County Captains batting - Pitching for Greenville Drive : RHP Teruhiko Ushijima
Pitching: RHP Teruhiko Ushijima
Batting: RHB George Wagner 0-0: Called Strike
0-1: Ball
1-1: Swinging Strike
1-2: Strikes out swinging
Batting: RHB Steve Gusman 0-0: Ball
1-0: Ball
2-0: Ball
3-0: Base on Balls
Batting: RHB Anibal Casteles 0-0: Called Strike
0-1: Ball
1-1: Swinging Strike
1-2: Ball
2-2: Strikes out swinging
Batting: LHB Jeff Palmowski 0-0: Foul Ball, location: 2F
0-1: Called Strike
0-2: Ball
Steve Gusman is caught stealing 2nd base 2-6
Top of the 1st over - 0 runs, 0 hits, 0 errors, 0 left on base; Lake County 0 - Greenville 0
BOTTOM OF THE 1ST
Greenville Drive batting - Pitching for Lake County Captains : RHP Jeff Degel
Pitching: RHP Jeff Degel
Batting: LHB John Buff 0-0: Foul Ball, location: 2F
0-1: Swinging Strike
0-2: Ball
1-2: Foul Ball, location: 2F
1-2: Strikes out swinging
Batting: SHB Robert Soto 0-0: Called Strike
0-1: Ball
1-1: Ground out 4-3 (Groundball, 34D, EV 103.1 MPH)
Batting: LHB Danny Montoya 0-0: Ball
1-0: SINGLE (Groundball, 4MS, EV 63.1 MPH) (infield hit)
Batting: RHB Alex Cardenas 0-0: Ball
Passed Ball!
Danny Montoya to second
1-0: Ball
2-0: Ball
3-0: Base on Balls
Batting: RHB Tony Nunez 0-0: Called Strike
0-1: Ball
1-1: Called Strike
1-2: Hit by Pitch
Danny Montoya to third
Alex Cardenas to second
Batting: RHB Bobby Schimke 0-0: Ball
1-0: Swinging Strike
1-1: Ball
2-1: Ball
3-1: Base on Balls
Danny Montoya scores
Alex Cardenas to third
Tony Nunez to second
Batting: RHB Scott Hawkins 0-0: Ball
1-0: Ball
2-0: SINGLE (Line Drive, 8LS, EV 93.1 MPH)
Alex Cardenas scores
Tony Nunez to third
Bobby Schimke to second
Runner from 3rd tries for Home, SAFE, throw by CF to home
Batting: RHB Ted Emmerich 0-0: Ball
1-0: DOUBLE (Line Drive, 7LS, EV 93.8 MPH)
Bobby Schimke scores
Scott Hawkins to third
Runner from 3rd tries for Home, SAFE, no throw by LF
Batting: RHB Roger Mitchell 0-0: Ball
1-0: Ground out 4-3 (Groundball, 4, EV 105.6 MPH)
Bottom of the 1st over - 5 runs, 3 hits, 0 errors, 1 left on base; Lake County 0 - Greenville 5
TOP OF THE 2ND
Lake County Captains batting - Pitching for Greenville Drive : RHP Teruhiko Ushijima
Batting: LHB Jeff Palmowski 0-0: Called Strike
0-1: Ground out 5-3 (Groundball, 5, EV 86.2 MPH)
Batting: RHB Adam McMillen 0-0: Foul Ball, location: 2F
0-1: Foul Ball, location: 2F
0-2: Ball
1-2: Ball
2-2: Strikes out looking
Batting: RHB Josh Patterson 0-0: Ball
1-0: Ground out 5-3 (Groundball, 56S, EV 63.8 MPH)
Top of the 2nd over - 0 runs, 0 hits, 0 errors, 0 left on base; Lake County 0 - Greenville 5
BOTTOM OF THE 2ND
Greenville Drive batting - Pitching for Lake County Captains : RHP Jeff Degel
Batting: LHB John Buff 0-0: Called Strike
0-1: Called Strike
0-2: Strikes out looking
Batting: SHB Robert Soto 0-0: Ball
1-0: Foul Ball, location: 2F
1-1: SINGLE (Groundball, 5D, EV 108.8 MPH)
Batting: LHB Danny Montoya 0-0: Called Strike
0-1: Fielders Choice at 2nd, 4-6 (Groundball, 4, EV 85.6 MPH)
Batting: RHB Alex Cardenas 0-0: Called Strike
0-1: Ball
1-1: Ball
2-1: Ball
3-1: Called Strike
3-2: Foul Ball, location: 2F
3-2: Base on Balls
Danny Montoya to second
Pitching: LHP J.J. Adkins
Batting: RHB Tony Nunez 0-0: Called Strike
0-1: Foul Ball, location: 2F
0-2: Foul Ball, location: 2F
0-2: Ball
1-2: SINGLE (Line Drive, 56, EV 98.8 MPH)
Danny Montoya to third
Alex Cardenas to second
Runner from 3rd tries for Home, SAFE, throw by LF to home
Batting: RHB Bobby Schimke 0-0: Fly out, F8 (Flyball, 8LXD, EV 95.0 MPH)
Bottom of the 2nd over - 1 run, 2 hits, 0 errors, 2 left on base; Lake County 0 - Greenville 6
TOP OF THE 3RD
Lake County Captains batting - Pitching for Greenville Drive : RHP Teruhiko Ushijima
Batting: LHB Aaron Caron 0-0: Called Strike
0-1: Called Strike
0-2: SINGLE (Groundball, 6D, EV 95.6 MPH)
Batting: RHB Chris Diaz 0-0: Called Strike
0-1: Ball
1-1: Called Strike
Pickoff Throw to First - Out! 1-3
1-2: Foul Ball, location: 2F
1-2: Ball
2-2: Ground out 5-3 (Groundball, 56, EV 98.1 MPH)
Batting: SHB Travis Burnett 0-0: Ball
1-0: Foul Ball, location: 2F
1-1: Ball
2-1: Swinging Strike
2-2: Ball
3-2: SOLO HOME RUN (Line Drive, 89XD, EV 115.0 MPH), Distance : 457 ft
Batting: RHB George Wagner 0-0: Called Strike
0-1: SINGLE (Groundball, 56S, EV 75.6 MPH) (infield hit)
Batting: RHB Steve Gusman 0-0: Called Strike
0-1: Ball
1-1: Swinging Strike
1-2: Foul Ball, location: 2F
1-2: Ball
2-2: Ground out 4-3 (Groundball, 34, EV 93.1 MPH)
Top of the 3rd over - 1 run, 3 hits, 0 errors, 1 left on base; Lake County 1 - Greenville 6
BOTTOM OF THE 3RD
Greenville Drive batting - Pitching for Lake County Captains : LHP J.J. Adkins
Batting: RHB Scott Hawkins 0-0: Ball
1-0: Called Strike
1-1: Ball
2-1: SINGLE (Line Drive, 4M, EV 104.4 MPH)
Batting: RHB Ted Emmerich 0-0: Ball
1-0: Fly out, F7 (Flyball, 7LM, EV 110.0 MPH)
Batting: RHB Roger Mitchell 0-0: Ball
1-0: Ball
2-0: Called Strike
2-1: Ball
3-1: Base on Balls
Scott Hawkins to second
Batting: LHB John Buff 0-0: DOUBLE (Line Drive, 78D, EV 105.0 MPH)
Scott Hawkins scores
Roger Mitchell to third
Runner from 3rd tries for Home, SAFE, no throw by LF
Batting: SHB Robert Soto 0-0: Called Strike
0-1: SINGLE (Groundball, 6MS, EV 73.8 MPH) (infield hit)
John Buff to third
Batting: LHB Eddie Contreras 0-0: Called Strike
0-1: Ball
1-1: SINGLE (Groundball, 4MD, EV 102.5 MPH)
John Buff scores
Robert Soto to second
Batting: RHB Alex Cardenas 0-0: Swinging Strike
0-1: Foul Ball, location: 2F
0-2: Ball
1-2: SINGLE (Groundball, 34D, EV 86.9 MPH) (infield hit)
Robert Soto to third
Eddie Contreras to second
Batting: RHB Tony Nunez 0-0: Ball
1-0: Foul Ball, location: 2F
1-1: Ground out 6-3 (Groundball, 6S, EV 61.9 MPH)
Robert Soto scores
Eddie Contreras to third
Alex Cardenas to second
Batting: RHB Bobby Schimke 0-0: Fly out, F9 (Flyball, 9S, EV 86.9 MPH)
Bottom of the 3rd over - 4 runs, 5 hits, 0 errors, 2 left on base; Lake County 1 - Greenville 10
TOP OF THE 4TH
Lake County Captains batting - Pitching for Greenville Drive : RHP Teruhiko Ushijima
Batting: RHB Anibal Casteles 0-0: Ball
1-0: Ground out 4-3 (Groundball, 4M, EV 91.9 MPH)
Batting: LHB Jeff Palmowski 0-0: Called Strike
0-1: Ground out U3 (Groundball, 3S, EV 85.6 MPH)
Batting: RHB Adam McMillen 0-0: Ball
1-0: Ball
2-0: Foul Ball, location: 2F
2-1: Foul Ball, location: 2F
2-2: Strikes out looking
Top of the 4th over - 0 runs, 0 hits, 0 errors, 0 left on base; Lake County 1 - Greenville 10
BOTTOM OF THE 4TH
Greenville Drive batting - Pitching for Lake County Captains : LHP J.J. Adkins
Batting: RHB Scott Hawkins 0-0: Ball
1-0: Foul Ball, location: 2F
1-1: Ground out 6-3 (Groundball, 6, EV 103.8 MPH)
Batting: RHB Ted Emmerich 0-0: Foul Ball, location: 2F
0-1: Fly out, F3 (Popup, 3F, EV 71.2 MPH)
Batting: RHB Roger Mitchell 0-0: Called Strike
0-1: Swinging Strike
0-2: Strikes out looking
Bottom of the 4th over - 0 runs, 0 hits, 0 errors, 0 left on base; Lake County 1 - Greenville 10
TOP OF THE 5TH
Lake County Captains batting - Pitching for Greenville Drive : RHP Teruhiko Ushijima
Batting: RHB Josh Patterson 0-0: Fly out, F9 (Flyball, 89S, EV 86.2 MPH)
Batting: LHB Aaron Caron 0-0: Called Strike
0-1: Ball
1-1: Ground out 5-3 (Groundball, 6, EV 86.2 MPH)
Batting: RHB Chris Diaz 0-0: Called Strike
0-1: Foul Ball, location: 2F
0-2: Ball
1-2: SINGLE (Line Drive, 56D, EV 97.5 MPH)
Batting: SHB Travis Burnett 0-0: Called Strike
0-1: Foul Ball, location: 2F
0-2: Ball
1-2: Strikes out swinging
Top of the 5th over - 0 runs, 1 hit, 0 errors, 1 left on base; Lake County 1 - Greenville 10
BOTTOM OF THE 5TH
Greenville Drive batting - Pitching for Lake County Captains : LHP J.J. Adkins
Batting: LHB John Buff 0-0: Foul Ball, location: 2F
0-1: Called Strike
0-2: Ground out 4-3 (Groundball, 4, EV 111.2 MPH)
Batting: SHB Robert Soto 0-0: Swinging Strike
0-1: Ball
1-1: Called Strike
1-2: Strikes out swinging
Batting: LHB Eddie Contreras 0-0: Ball
1-0: Ball
2-0: Ball
3-0: Base on Balls
Batting: RHB Alex Cardenas 0-0: Ball
1-0: Ball
2-0: Called Strike
2-1: Called Strike
2-2: Foul Ball, location: 2F
2-2: Ball
3-2: Strikes out looking
Bottom of the 5th over - 0 runs, 0 hits, 0 errors, 1 left on base; Lake County 1 - Greenville 10
TOP OF THE 6TH
Lake County Captains batting - Pitching for Greenville Drive : RHP Teruhiko Ushijima
Batting: RHB George Wagner 0-0: Swinging Strike
0-1: Ball
1-1: Ball
2-1: Foul Ball, location: 2F
2-2: Strikes out looking
Batting: RHB Steve Gusman 0-0: Called Strike
0-1: Called Strike
0-2: Strikes out swinging
Batting: RHB Anibal Casteles 0-0: Foul Ball, location: 2F
0-1: Ground out 6-3 (Groundball, 6, EV 98.8 MPH)
Top of the 6th over - 0 runs, 0 hits, 0 errors, 0 left on base; Lake County 1 - Greenville 10
BOTTOM OF THE 6TH
Greenville Drive batting - Pitching for Lake County Captains : LHP J.J. Adkins
Batting: RHB Tony Nunez 0-0: Called Strike
0-1: Ball
1-1: Ball
2-1: TRIPLE (Line Drive, 9D, EV 99.4 MPH)
Pitching: RHP Nate Burnett
Batting: RHB Bobby Schimke 0-0: Ball
1-0: SINGLE (Flyball, 4MD, EV 92.5 MPH)
Tony Nunez scores
Batting: RHB Scott Hawkins 0-0: Ball
1-0: Grounds into double play, 4-6-3 (Groundball, 4D, EV 85.6 MPH)
Batting: RHB Ted Emmerich 0-0: Foul Ball, location: 2F
0-1: Swinging Strike
0-2: Ball
1-2: Strikes out swinging
Bottom of the 6th over - 1 run, 2 hits, 0 errors, 0 left on base; Lake County 1 - Greenville 11
TOP OF THE 7TH
Lake County Captains batting - Pitching for Greenville Drive : RHP Teruhiko Ushijima
Batting: LHB Jeff Palmowski 0-0: Ball
1-0: Ball
2-0: Ball
3-0: Base on Balls
Batting: RHB Adam McMillen 0-0: Fielders Choice at 2nd, 6-4 (Groundball, 6M, EV 82.5 MPH)
Batting: RHB Josh Patterson 0-0: Ball
1-0: Fly out, F9 (Flyball, 89D, EV 99.4 MPH)
Batting: LHB Aaron Caron 0-0: Called Strike
0-1: Foul Ball, location: 2F
0-2: Ball
1-2: Foul Ball, location: 2F
1-2: Strikes out swinging
Top of the 7th over - 0 runs, 0 hits, 0 errors, 1 left on base; Lake County 1 - Greenville 11
BOTTOM OF THE 7TH
Greenville Drive batting - Pitching for Lake County Captains : RHP Nate Burnett
Batting: RHB Roger Mitchell 0-0: Ball
1-0: Foul Ball, location: 2F
1-1: Foul Ball, location: 2F
1-2: Ball
2-2: Foul Ball, location: 2F
2-2: Strikes out swinging
Batting: LHB John Buff 0-0: Called Strike
0-1: Ball
1-1: Ball
2-1: Ball
3-1: Fly out, F7 (Flyball, 78M, EV 89.4 MPH)
Batting: SHB Robert Soto 0-0: Foul Ball, location: 2F
0-1: Ball
1-1: Ball
2-1: Swinging Strike
2-2: Ground out 3-1 (Groundball, 34S, EV 87.5 MPH)
Bottom of the 7th over - 0 runs, 0 hits, 0 errors, 0 left on base; Lake County 1 - Greenville 11
TOP OF THE 8TH
Lake County Captains batting - Pitching for Greenville Drive : RHP Teruhiko Ushijima
Batting: RHB Chris Diaz 0-0: Ground out 1-3 (Groundball, P, EV 71.2 MPH)
Batting: SHB Travis Burnett 0-0: Swinging Strike
0-1: Swinging Strike
0-2: Strikes out looking
Batting: RHB George Wagner 0-0: Called Strike
0-1: Foul Ball, location: 2F
0-2: Ball
1-2: Ball
2-2: Ball
3-2: Strikes out swinging
Top of the 8th over - 0 runs, 0 hits, 0 errors, 0 left on base; Lake County 1 - Greenville 11
BOTTOM OF THE 8TH
Greenville Drive batting - Pitching for Lake County Captains : RHP Nate Burnett
Batting: LHB Eddie Contreras 0-0: Ball
1-0: Called Strike
1-1: Foul Ball, location: 2F
1-2: Strikes out swinging
Batting: RHB Alex Cardenas 0-0: Ball
1-0: Called Strike
1-1: SINGLE (Groundball, 6MD, EV 98.8 MPH)
Batting: RHB Tony Nunez 0-0: Ball
1-0: Ball
2-0: Called Strike
2-1: Foul Ball, location: 2F
2-2: Foul Ball, location: 2F
2-2: Ball
3-2: SINGLE (Groundball, 25, EV 69.4 MPH) (infield hit)
Alex Cardenas to second
Batting: RHB Bobby Schimke 0-0: Fielders Choice at 2nd, 4-6 (Groundball, 4, EV 86.9 MPH)
Alex Cardenas to third
Batting: RHB Scott Hawkins 0-0: Ground out 5-3 (Groundball, 56S, EV 90.6 MPH)
Bottom of the 8th over - 0 runs, 2 hits, 0 errors, 2 left on base; Lake County 1 - Greenville 11
TOP OF THE 9TH
Lake County Captains batting - Pitching for Greenville Drive : RHP Teruhiko Ushijima
Pitching: RHP Victor Escobar
Batting: RHB Steve Gusman 0-0: Swinging Strike
0-1: Ball
1-1: Foul Ball, location: 2F
1-2: Foul Ball, location: 2F
1-2: Fly out, F7 (Flyball, 7D, EV 90.6 MPH)
Batting: RHB Anibal Casteles 0-0: Called Strike
0-1: Ball
1-1: Swinging Strike
1-2: SINGLE (Line Drive, 9S, EV 108.1 MPH)
Batting: LHB Jeff Palmowski 0-0: Ball
1-0: Called Strike
1-1: Ball
Wild Pitch!
Anibal Casteles to second
2-1: Ball
3-1: Base on Balls
Pinch Hitting: LHB Brandon Hopper 0-0: Called Strike
0-1: Fly out, F6 (Popup, 6M, EV 58.1 MPH)
Pinch Hitting: LHB Vinny Carreno 0-0: Called Strike
0-1: Ball
1-1: Ball
2-1: Ball
3-1: Called Strike
3-2: Foul Ball, location: 2F
3-2: Strikes out swinging
Top of the 9th over - 0 runs, 1 hit, 0 errors, 2 left on base; Lake County 1 - Greenville 11
Tuesday, March 28th , 2023 - OOTP Baseball 23.10 Build 110